AoeStats
← ska_18

MegaRandom

508905528Analyzed
3v3 RM · 6d ago on Sep 24, 2026· 41m 36s· 6 players
Game mode
Random Map
Map size
Normal (6 player)
Population
200
Speed
Normal
Resources
Standard
Victory
Conquest
Starting age
Dark Age
Ending age
Imperial Age
RankedLock teamsTeams togetherTeam positionsShared explorationLock speedFull tech treeHidden civsTurbo modeCheats
Victory
Defeat
🇨🇳 Byzantines · China
954
+16
🇻🇳 Britons · Vietnam
904
+18
🇮🇳 Spanish · India
876
+19
🇭🇷 Hindustanis · Croatia
1013
-21
🇮🇹 Dravidians · Italy
935
-17
🇦🇹 Saracens · Austria
893
-15
RatMaster
3:07 Loom
11:18 Feudal Age
12:10 Double-Bit Axe
12:32 Town Watch
19:59 Castle Age
18:42 Fishing Lines
20:21 Scale Barding Armor
21:18 Gillnets
23:06 Gold Mining
23:06 Stone Mining
23:56 Squires
24:18 Forging
24:08 Scale Mail Armor
24:56 Pikeman
30:22 Imperial Age
31:09 Iron Casting
30:34 Scale Mail Armor
31:37 Conscription
32:34 Horse Collar
33:10 Bow Saw
36:39 Blast Furnace
35:55 Chain Mail Armor
36:06 Wootz Steel
36:23 Gambesons
36:24 Arson
37:46 Wheelbarrow
38:49 Plate Mail Armor
39:03 Ballistics
38:54 Masonry
38:40 Murder Holes
39:01 Fortified Wall
aHuRa_zg82
0:39 Loom
12:11 Feudal Age
18:37 Castle Age
17:38 Double-Bit Axe
19:11 Horse Collar
21:45 Wheelbarrow
22:41 Stone Mining
22:43 Gold Mining
23:41 Pikeman
30:52 Grand Trunk Road
33:56 Scale Barding Armor
36:13 Bloodlines
36:05 Husbandry
36:35 Chain Barding Armor
ska_18
kAMIkAZE
0:36 Loom
13:59 Feudal Age
18:29 Castle Age
16:48 Double-Bit Axe
17:35 Gold Mining
19:38 Scale Barding Armor
22:40 Husbandry
27:17 Town Watch
28:08 Wheelbarrow
29:05 Bloodlines
30:31 Horse Collar
33:14 Bow Saw
36:28 Hand Cart
36:51 Heavy Plow
39:56 Town Patrol
41:02 Chain Barding Armor
42:16 Scale Mail Armor
sonhero3000
0:40 Loom
11:55 Feudal Age
14:16 Fishing Lines
14:44 Horse Collar
18:56 Castle Age
17:50 Double-Bit Axe
17:58 Gold Mining
19:10 Wheelbarrow
18:28 Stone Mining
20:14 Bow Saw
20:17 Heavy Plow
24:25 Hand Cart
24:47 Town Watch
25:14 Gillnets
31:24 Imperial Age
29:54 Fletching
30:04 Padded Archer Armor
30:10 Treadmill Crane
31:38 Cranequins
33:32 Two-Man Saw
33:37 Chemistry
32:58 Ballistics
32:56 Leather Archer Armor
32:36 Bodkin Arrow
33:16 Conscription
33:45 Gold Shaft Mining
33:56 Caravan
34:07 Guilds
34:25 Bracer
34:56 Ring Archer Armor
36:20 Forging
36:10 Scale Mail Armor
35:50 Heavy Mounted Crossbowman
37:46 Husbandry
37:59 Scale Barding Armor
38:09 Chain Mail Armor
38:29 Iron Casting
39:26 Chain Barding Armor
39:23 Warwolf
39:59 Hoardings
39:45 Yeomen
40:48 Elite Longbowman
Dominic
13:46 Feudal Age
16:17 Horse Collar
18:33 Double-Bit Axe
21:04 Castle Age
23:20 Husbandry
27:43 Forging
27:39 Scale Barding Armor
29:36 Fishing Lines
34:41 Imperial Age
33:56 Heavy Plow
36:17 Wheelbarrow
35:28 Loom
37:04 Gold Mining
37:07 Stone Mining
38:33 Conscription
41:37 Hand Cart
41:37 Bow Saw
42:05 Gold Shaft Mining
Connection lost

Rejoining the realm…

Still unreachable

The connection could not be restored.

Session expired

The server has moved on; the page needs a fresh start.